 Dungeon Crawl Stone Soup version 0.24-a0-530-g18ba70b5 (webtiles) character file.

Game seed: 2934885402661649888

172 Faca the Shooter (level 5, -11/48 HPs)
             Began as a Centaur Hunter on Aug 7, 2019.
             Splashed by Ijyb's acid (12 damage)
             ... on level 3 of the Dungeon.
             The game lasted 00:09:36 (3994 turns).

Faca the Shooter (Centaur Hunter)                   Turns: 3994, Time: 00:09:37

Health: -11/48     AC:  5    Str: 16    XL:     5   Next: 27%
Magic:  5/5        EV:  8    Int: 10    God:
Gold:   83         SH:  0    Dex:  9    Spells: 4/4 levels left

rFire    . . .     SeeInvis .   a - +1 shortbow
rCold    . . .     Gourm    .   (shield currently unavailable)
rNeg     . . .     Faith    .   h - +0 ring mail
rPois    .         Spirit   .   (no helmet)
rElec    .         Reflect  .   (no cloak)
rCorr    .         Harm     .   (no gloves)
MR       .....                  (no barding)
Stlth    ..........             (no amulet)
HPRegen  0.16/turn              e - ring of flight
MPRegen  0.09/turn              (no ring)

@: very quick
A: large, hooves 3, deformed body, speed 2, tough skin 3
a: Evoke Flight


You were on level 3 of the Dungeon.
You were not hungry.

You visited 1 branch of the dungeon, and saw 3 of its levels.

You collected 83 gold pieces.

Inventory:

Hand Weapons
 a - a +1 shortbow (weapon)
 q - a +0 trident
Missiles
 d - 29 arrows (quivered)
Armour
 h - a +0 ring mail (worn)
Jewellery
 e - a ring of flight (left hand)
Scrolls
 c - a scroll of magic mapping {unknown}
 i - a scroll of fog {unknown}
 j - a scroll of enchant weapon {unknown}
 k - 2 scrolls of identify {unknown}
 l - a scroll of remove curse {unknown}
Potions
 g - 2 potions of curing {unknown}
 m - a potion of agility {unknown}
 n - a potion of degeneration {unknown}
 o - a potion of cancellation {unknown}
Comestibles
 f - 5 rations


   Skills:
 + Level 5.0 Fighting
 + Level 1.9 Polearms
 - Level 5.3 Bows
 - Level 1.3 Dodging
 - Level 0.4 Stealth


You had 4 spell levels left.
You didn't know any spells.
Your spell library was empty.

Dungeon Overview and Level Annotations

Branches:
Dungeon (3/15)

Altars:
Cheibriados

Annotations:
D:3 Ijyb


Innate Abilities, Weirdness & Mutations

You have hooves in place of feet.
Armour fits poorly on your strangely shaped body.
You cover ground very quickly.
You have extremely tough skin. (AC +3)


Message History

Level annotation: Ijyb Ijyb throws a stone.
The stone hits you but does no damage.
There is a stone staircase leading up here.
You see here a stone.
Wield which item (- for none, * to show all)? (? for menu, Esc to quit)
a - a +1 shortbow (weapon)
Firing (i - inventory)
d - 31 arrows (quivered)
Press: ? - help, Shift-Dir - straight line, f - Ijyb
Aim: Ijyb, wearing a +0 chain mail and carrying a wand of acid (9)
You shoot an arrow. The arrow barely misses Ijyb.
Firing (i - inventory)
d - 30 arrows (quivered)
Press: ? - help, Shift-Dir - straight line, f/p - Ijyb
Aim: Ijyb, wearing a +0 chain mail and carrying a wand of acid (9)
You shoot an arrow. The arrow completely misses Ijyb.
Ijyb zaps a wand.
The bolt of acid hits you!!
You are splashed with acid!
* * * LOW HITPOINT WARNING * * *
Ijyb zaps a wand.
The bolt of acid hits you!
* * * LOW HITPOINT WARNING * * *
You are splashed with acid!
You die...

####### #...(.#
#...g.# #.....#
#.(...# #.@...#
#...).######
#..........###
#(....(.##...#
#######.####.?..#
#..(# ##... ###.#
## .g. .....


You could see Ijyb.

Vanquished Creatures
  An orc priest (D:3)
  An orc wizard (D:2)
  3 gnolls
  An adder (D:3)
  An ooze (D:2)
  4 dart slugs
  A leopard gecko (D:1)
  9 orcs
  2 giant cockroaches
  7 goblins
  4 hobgoblins
  3 jackals
  A quokka (D:2)
  6 bats
  6 kobolds
  3 rats
53 creatures vanquished.

Notes
Turn   | Place    | Note
-------+----------+-------------------------------------------
     0 | D:1      | Faca the Centaur Hunter began the quest for the Orb.
     0 | D:1      | Reached XP level 1. HP: 17/17 MP: 1/1
   362 | D:1      | Reached XP level 2. HP: 22/25 MP: 2/2
  1001 | D:2      | Reached XP level 3. HP: 29/31 MP: 3/3
  1505 | D:2      | Found a snail-covered altar of Cheibriados.
  2284 | D:2      | Reached XP level 4. HP: 26/41 MP: 4/4
  2738 | D:3      | Noticed Ijyb
  2870 | D:2      | Reached skill level 1 in Polearms
  3510 | D:2      | Reached XP level 5. HP: 41/47 MP: 5/5
  3587 | D:3      | Reached skill level 5 in Fighting
  3994 | D:3      | HP: 1/48 [Ijyb/bolt of acid (14)]
  3994 | D:3      | Splashed by Ijyb's acid

Levels and vault maps discovered:
D:1:      dpeg_arrival_round_c, layout_loops_ring
D:2:      layout_basic, lemuel_round_altar, first_ration
D:3:      layout_rooms, uniq_sigmund, uniq_ijyb

Skill      XL: |  1  2  3  4  5 |
---------------+----------------+-----
Fighting       | 3 4 5 |  5.0
Polearms       | 1 |  1.9
Bows           | |  5.3
Dodging        | |  1.3
Stealth        | |  0.4

Action                   |  1- 3 |  4- 6 || total
-------------------------+-------+-------++-------
Melee: Short sword       |   105 |       ||   105
       Kick              |    22 |    18 ||    40
       Spear             |       |   121 ||   121
 Fire: Shortbow          |       |     6 ||     6
  Eat: Chunk             |     2 |     6 ||     8
Armor: Leather armour    |    17 |       ||    17
       Ring mail         |    39 |    58 ||    97
Dodge: Dodged            |    42 |    59 ||   101

Table legend:
 A = Non-vault XP
 B = Vault XP
 C = Vault XP percentage of total XP
 D = Non-vault monster count
 E = Vault monster count
 F = Vault count percentage of total count
                 A         B        C        D         E       F
            +---------+---------+-------+---------+---------+-------
      Total |     247 |       0 |   0.0 |      53 |       0 |   0.0
            +---------+---------+-------+---------+---------+-------
        D:1 |      19 |       0 |   0.0 |      11 |       0 |   0.0
        D:2 |     142 |       0 |   0.0 |      32 |       0 |   0.0
        D:3 |      86 |       0 |   0.0 |      10 |       0 |   0.0
            +---------+---------+-------+---------+---------+-------
